 Dungeon Crawl Stone Soup version 0.18.1-5-g4a78601 (console) character file.

459274 MenacingMecha the Bludgeoner (level 24, -39/160 HPs)
             Began as a Gargoyle Gladiator on May 7, 2016.
             Was the Champion of Okawaru.
             Killed by Shatter
             ... invoked by Jorgrun
              (73 damage)
             ... on level 4 of the Depths on May 11, 2016.
             The game lasted 07:46:46 (61939 turns).

MenacingMecha the Bludgeoner (Gargoyle Gladiator)  Turns: 61939, Time: 07:46:46

Health: -39/160    AC: 44    Str: 31    XL:     24   Next: 45%
Magic:  36/40      EV: 29    Int:  9    God:    Okawaru [******]
Gold:   456        SH:  0    Dex: 18    Spells: 6 memorised, 19 levels left

rFire  + + +     SeeInvis +     a - +8 great mace {drain, rF+++ rC- Str+5 Stlth+}
rCold  x . .     Gourm    .     J - quicksilver dragon armour
rNeg   + + .     Faith    .     (shield currently unavailable)
rPois  ∞         Spirit   .     n - +2 helmet {SInv}
rElec  +         Dismiss  .     Q - +2 cloak "Botug" {rN+ rCorr}
rCorr  +         Reflect  .     C - +2 pair of gloves {Str+3}
SustAt .         Harm     .     E - +2 pair of boots {run}
MR     ++...                    W - amulet of regeneration
Stlth  +++++.....               H - ring of Shaolin {EV+8}
                                u - ring "Icsoo" {MP+9 Slay+6}

@: sluggish, finesse, very slow, very resistant to hostile enchantments, quite
stealthy
A: big wings, blink, negative energy resistance 1, sense surroundings 1,
electricity resistance, unbreathing, petrification resistance, rot immunity, AC
+17
a: Fly, Blink, Heroism, Finesse, Renounce Religion
}: 2/15 runes: decaying, gossamer


You were on level 4 of the Depths.
You worshipped Okawaru.
Okawaru was exalted by your worship.
You were not hungry.

You visited 9 branches of the dungeon, and saw 44 of its levels.
You visited the Abyss 1 time.
You also visited: Trove, Ice Cave and Volcano.

You collected 5321 gold pieces.
You spent 4329 gold pieces at shops.

Inventory:

Hand Weapons
 a - the +8 great mace of the Jolly Deaths (weapon) {drain, rF+++ rC- Str+5 Stlth+}
   (Okawaru gifted it to you on level 8 of the Lair of Beasts)

   A truly terrible weapon, it drains the life of those it strikes.
   It affects your strength (+5).
   It renders you almost immune to fire.
   It makes you vulnerable to cold.
   It makes you more stealthy.
 b - the +11 arbalest of the Original Sin {freeze, +Blink rC- Str+2 Dex+5}
   (You found it in a treasure trove)

   It causes projectiles fired from it to freeze those they strike, causing
   extra injury to most foes and up to half again as much damage against
   particularly susceptible opponents.
   They can also slow down cold-blooded creatures.
   It affects your strength (+2).
   It affects your dexterity (+5).
   It makes you vulnerable to cold.
   It lets you blink.
Missiles
 L - a throwing net (quivered)
 Y - 1471 bolts
Armour
 n - a +2 helmet of see invisible (worn)
 C - a +2 pair of gloves of strength (worn)
 E - a +2 pair of boots of running (worn)
 J - a quicksilver dragon armour (worn)
 Q - the +2 cloak "Botug" (worn) {rN+ rCorr}
   (Okawaru gifted it to you on level 3 of the Vaults)

   It protects you from negative energy.
   It protects you from acid and corrosion.
Jewellery
 m - the amulet "Kakk" {Dismiss Dex+3, unknown}
   (You found it on level 4 of the Depths)

   [amulet of dismissal]

   It may teleport away creatures that harm you.
   It affects your dexterity (+3).
 u - the ring "Icsoo" (left hand) {MP+9 Slay+6}
   (You found it on level 3 of the Vaults)

   [ring of magical power]

   It affects your accuracy and damage with ranged weapons and melee attacks
   (+6).
   It affects your magic capacity (+9).
 B - an uncursed ring of protection from cold
 H - the ring of Shaolin (right hand) {EV+8}
   (You bought it in a shop on level 15 of the Dungeon)

   [ring of evasion]

   It affects your evasion (+8).
 N - an uncursed ring of protection from cold
 W - an amulet of regeneration (around neck)
Wands
 c - a wand of lightning (6/15)
 l - a wand of digging (2/24)
 A - a wand of lightning (7/15)
 K - a wand of lightning (1/15)
 O - a wand of iceblast (6/15)
 P - a wand of disintegration (3/24)
 U - a wand of teleportation (7/9)
Scrolls
 g - 6 scrolls of teleportation
 h - 8 scrolls of fog
 o - 3 scrolls of fear
 q - 5 scrolls of summoning
 r - 2 scrolls of holy word
 v - 11 scrolls of identify
 y - 9 scrolls of recharging
 z - 5 scrolls of magic mapping
 I - 16 scrolls of remove curse
 T - 2 scrolls of blinking
Potions
 d - 3 potions of invisibility
 e - 24 potions of curing
 i - 3 potions of resistance
 s - 8 potions of agility
 x - 3 potions of cancellation
 G - 3 potions of might
 R - 3 potions of haste
Miscellaneous
 j - a box of beasts
 p - a phantom mirror
 t - a legendary deck of wonders {the Alchemist, drawn: 1}
 w - a stone of tremors
 M - a fan of gales
 S - a lamp of fire
 X - a phial of floods
Comestibles
 f - 27 bread rations
 k - 12 chunks of flesh


   Skills:
 - Level 19.0 Fighting
 - Level 20.0 Maces & Flails
 + Level 16.6 Crossbows
 - Level 1.7 Throwing
 - Level 10.3 Armour
 - Level 13.0 Dodging
 - Level 10.0 Stealth
   Level 4.0 Shields
 - Level 5.1 Spellcasting
 - Level 11.0 Charms
 - Level 8.5 Translocations
 - Level 4.0 Air Magic
 - Level 9.0 Invocations
 - Level 11.3 Evocations


You had 19 spell levels left.
You knew the following spells:

 Your Spells              Type           Power        Failure   Level  Hunger
a - Swiftness             Chrm/Air       ###.....     2%          2    ##.....
b - Repel Missiles        Chrm/Air       ###...       2%          2    ##.....
c - Apportation           Tloc           ###.......   1%          1    #......
d - Blink                 Tloc           N/A          1%          2    ##.....
e - Passage of Golubria   Tloc           N/A          12%         4    #####..
f - Portal Projectile     Tloc           ###...       3%          3    ###....


Dungeon Overview and Level Annotations

Branches:
Dungeon (15/15)            Temple (0/1) D:5            Lair (8/8) D:9
  Swamp (4/4) Lair:3       Spider (4/4) Lair:6        Slime (0/6) Lair:6
    Orc (2/2) D:10            Elf (2/3) Orc:2        Vaults (4/5) D:13
  Crypt (1/3) Vaults:2     Depths (4/5) D:15

Altars:
Ashenzari
Cheibriados
Dithmenos
Elyvilon
Fedhas
Gozag
Kikubaaqudgha
Makhleb
Nemelex Xobeh
Okawaru
Pakellas
Ru
Sif Muna
Trog
Vehumet
Xom
Yredelemnul
Zin
The Shining One
Beogh
Jiyva

Shops:
D:4 :   D:6 *   D:7 ?   D:15 **:=   Orc:2 }??[}   Elf:1 :   Vaults:3 [
Vaults:4 *

Portals:
Hell: Depths:1 Depths:2 Depths:3
Pandemonium: Depths:3
Ziggurat: Depths:3

Annotations:
Lair:2 stash
Elf:2 hall of blades incomplete
Depths:1 profane servitor and bone dragon
Depths:4 2 runed doors, Jorgrun


Innate Abilities, Weirdness & Mutations

You are resistant to torment.
Your stone body is resilient (AC +17).
You are immune to poison.
Your large and strong wings let you fly indefinitely.
You resist negative energy.
You are resistant to electric shocks.
You can survive without breathing.
You are immune to petrification.
You are immune to rotting.
You can translocate small distances at will.
You passively map a small area around you.


Message History

Jorgrun closely misses you.
You miss Jorgrun.
Jorgrun is heavily wounded.
You miss Jorgrun.
Jorgrun is heavily wounded.
You closely miss Jorgrun.
Jorgrun is heavily wounded.
You miss Jorgrun.
Jorgrun is heavily wounded.
Jorgrun misses you.
You miss Jorgrun.
Jorgrun is heavily wounded.
You bludgeon Jorgrun!! You drain Jorgrun!
Jorgrun is almost dead.
You miss Jorgrun.
Jorgrun is almost dead.
Jorgrun mumbles some strange words.
The dungeon rumbles around Jorgrun!
You shudder from the earth-shattering force.
You die...

...,,,,,,,* #..,,,,,,*
.#********** #.#*******
.####****+m#** #.# *
.#..+,,,,≈m+>* #.# .#
.#.#******##** #.# * #..#
...######### #.####....#
...........# #........#
((........#* #........#
.######...#
#.@#...#..#********* .#
#...# #..g..##,,,,,,,,,,,,
.# #...#
#....#....,,,,,,,,,, .#
#...# #...#..*...#********
.# #...# #...#.##,..# .#
#...# #..#. .*,..#
i######...######.).##.#...#
D..(...[.....^........#...#
....###.......#####Z..#...#


You could see Jorgrun.

Vanquished Creatures
  Mennas (Vaults:3)
  3 juggernauts
  Norris (Vaults:2)
  Boris (Depths:3)
  Frederick (Vaults:3)
  6 caustic shrikes (Depths:3)
  Saint Roka (Depths:3)
  Nikola (Vaults:3)
  Xtahua (Depths:3)
  Rupert (Vaults:1)
  2 liches
  5 titans
  A quicksilver dragon (shapeshifter) (D:15)
  Frances (Swamp:1)
  A storm dragon (Depths:3)
  2 sphinxes
  Kirke (Lair:6)
  2 thorn hunters (Swamp:3)
  4 tengu reavers
  A shadow dragon (shapeshifter) (Depths:2)
  6 fire giants
  Donald (Swamp:1)
  An iron dragon (Depths:4)
  10 vault wardens
  Louise (D:13)
  3 emperor scorpions
  7 frost giants
  An angel (Depths:3)
  5 ghost moths (Spider:4)
  A deep elf sorcerer (Vaults:1)
  Aizul (Vaults:2)
  12 stone giants
  9 very ugly things
  2 spriggan defenders (Vaults:1)
  A war gargoyle (Depths:2)
  13 ironheart preservers
  A vampire knight (Depths:4)
  A deep elf demonologist (Vaults:3)
  A salamander stormcaller (Vaults:2)
  3 lorocyprocas (Depths:2)
  3 deep elf annihilators (Vaults:4)
  8 spark wasps
  7 ettins
  A deep elf death mage (Vaults:1)
  Josephine (Lair:6)
  4 jiangshi (Depths:1)
  16 vault guards
  2 fire dragons
  A great orb of eyes (shapeshifter) (Depths:2)
  5 great orbs of eyes
  An ice dragon (shapeshifter) (Depths:2)
  A quicksilver dragon skeleton (Vaults:2)
  A juggernaut simulacrum (Depths:4)
  10 yaktaur captains
  6 ice dragons
  4 rakshasas
  5 entropy weavers
  6 spriggan air magi
  12 ogre magi
  2 ghost crabs
  25 hydras
  9 alligators
  9 centaur warriors
  3 death knights
  21 dancing weapons
  A vampire mage (Depths:3)
  8 deep troll earth magi
  3 tengu warriors
  A queen ant (D:12)
  A deep troll shaman (Depths:3)
  14 deep elf knights
  2 spriggan berserkers (Depths:3)
  5 hell knights (Depths:2)
  2 fire crabs (shapeshifter)
  A titan skeleton (Vaults:2)
  3 salamander mystics (Depths:2)
  2 shadow wraiths
  12 skeletal warriors
  5 deep trolls
  4 flayed ghosts
  3 unseen horrors
  10 swamp dragons
  2 phantasmal warriors
  A shambling mangrove (Swamp:1)
  A giant orange brain (Vaults:3)
  7 hill giants
  2 wizards
  17 orb spiders
  12 deep elf archers
  2 lindwurms (shapeshifter)
  39 deep elf magi
  18 orc knights
  14 ironbrand convokers
  A mana viper (Depths:2)
  An orb spider (shapeshifter) (Elf:2)
  3 necromancers
  An oklob plant (Swamp:3)
  A mana viper (shapeshifter) (Depths:3)
  An orange crystal statue (Depths:3)
  7 hornets
  5 harpies (Vaults:2)
  A manticore (shapeshifter) (Depths:4)
  7 orc sorcerers
  6 griffons
  40 wolf spiders
  An elephant (shapeshifter) (Depths:1)
  A moth of wrath (Spider:2)
  A frost giant zombie (Vaults:2)
  73 ugly things
  4 salamanders (Vaults:2)
  2 manticores
  A human zombie (Vaults:2)
  6 cyclopes
  2 guardian serpents (shapeshifter) (Vaults:1)
  2 ice statues (IceCv)
  7 black mambas
  2 rust devils (Depths:3)
  7 elephants
  6 naga magi (Depths:2)
  Maurice (Orc:2)
  A human skeleton (Vaults:2)
  6 torpor snails
  2 elf zombies (Depths:4)
  3 gargoyles
  23 vault sentinels
  3 rime drakes
  60 yaktaurs
  20 spiny frogs
  13 demonic crawlers
  3 kobold demonologists
  8 freezing wraiths
  9 komodo dragons
  A komodo dragon (shapeshifter) (Vaults:3)
  6 ice devils
  A tormentor (Depths:3)
  4 spriggan druids
  2 tengu conjurers (D:14)
  An elf skeleton (Depths:4)
  38 jumping spiders
  11 polar bears
  12 trolls
  Grinder (D:5)
  20 two-headed ogres
  A blink frog (shapeshifter) (Depths:3)
  4 giant leeches
  42 slime creatures
  17 blink frogs
  10 bog bodies
  6 boulder beetles
  5 air elementals
  73 redbacks
  The ghost of tyrsky the Ruffian, an amateur TrMo (D:5)
  24 spriggans
  A shadow (Swamp:3)
  A yak (shapeshifter) (D:15)
  26 tarantellas
  6 wyverns
  A vampire (D:12)
  2 water elementals
  9 wraiths
  2 fire elementals
  4 basilisks
  A human (D:9)
  57 yaks
  3 hogs (Lair:6)
  A steam dragon (D:11)
  2 hungry ghosts
  14 hippogriffs
  5 mottled dragons
  45 vampire mosquitoes
  4 insubstantial wisps
  A harpy simulacrum (Depths:2)
  19 wargs
  A human simulacrum (Vaults:1)
  13 soldier ants
  26 swamp worms
  Duvessa (D:6)
  13 water moccasins
  19 wasps
  8 porcupines
  11 black bears
  13 swamp drakes
  4 ice beasts
  38 orc warriors
  2 sky beasts (shapeshifter) (D:15)
  An ice beast (shapeshifter) (Vaults:3)
  2 eyes of draining
  4 phantoms
  3 sky beasts
  18 boggarts
  An eye of draining (shapeshifter) (Depths:2)
  59 ogres
  A necrophage (D:12)
  33 wolves
  15 centaurs
  15 crocodiles
  3 big kobolds
  21 giant frogs
  5 earth elementals
  Blork the orc (D:5)
  Dowan (D:6)
  9 scorpions
  8 killer bees
  11 wights
  10 electric eels
  11 crimson imps
  2 giant frog zombies
  7 centaur zombies
  2 draconian simulacra (IceCv)
  5 giant frog skeletons
  5 jellies
  14 orc priests
  55 orc wizards
  6 hounds
  2 gnoll shamans
  4 centaur skeletons
  14 iguanas
  2 spriggan simulacra
  50 worker ants
  A troll simulacrum (IceCv)
  38 sheep
  A killer bee zombie (D:11)
  2 centaur simulacra (IceCv)
  3 hound zombies
  A howler monkey zombie (D:5)
  Robin (D:4)
  11 gnolls
  15 adders
  A howler monkey skeleton (D:6)
  An ogre simulacrum (IceCv)
  3 naga simulacra (IceCv)
  56 river rats
  5 shadow imps
  12 white imps (Orc:1)
  4 oozes
  2 adder zombies
  2 adder skeletons
  3 worms
  3 dart slugs
  5 giant geckos
  120 orcs
  7 bats
  9 giant cockroaches
  16 goblins
  5 hobgoblins
  5 jackals
  3 quokkas
  2 ball pythons
  4 giant newts
  A jackal skeleton (D:5)
  21 kobolds
  A quokka zombie (D:7)
  7 rats
  2 briar patches (Swamp:3)
  2 fungi
  3 plants
2224 creatures vanquished.

Vanquished Creatures (collateral kills)
  A hydra (Swamp:4)
  A fire crab (shapeshifter) (D:15)
  2 ugly things (D:15)
  A troll (D:15)
  A hornet zombie (D:14)
  2 redbacks (Spider:3)
  A tarantella (Spider:3)
  A boggart (D:15)
10 creatures vanquished.

Vanquished Creatures (others)
  A tengu reaver (Depths:4)
  A deep elf high priest (Depths:4)
  An orb spider (Spider:4)
  A redback (Spider:4)
  3 spriggans (Swamp:1)
  A boggart (D:15)
  5 wasps
  An orc wizard (Orc:2)
  An orc (Orc:2)
  A briar patch (Swamp:4)
  12 fungi
  9 plants
37 creatures vanquished.

Grand Total: 2271 creatures vanquished

Notes
Turn   | Place    | Note
--------------------------------------------------------------
     0 | D:1      | MenacingMecha the Gargoyle Gladiator began the quest for the Orb.
     0 | D:1      | Reached XP level 1. HP: 12/12 MP: 1/1
    77 | D:1      | Found a glowing golden altar of the Shining One.
    93 | D:1      | Reached XP level 2. HP: 16/17 MP: 2/2
   358 | D:1      | Reached skill level 4 in Maces & Flails
   496 | D:2      | Reached XP level 3. HP: 11/22 MP: 3/3
   885 | D:2      | Found a radiant altar of Vehumet.
  1036 | D:2      | Found a burning altar of Makhleb.
  1188 | D:2      | Found a shadowy altar of Dithmenos.
  1307 | D:2      | Reached XP level 4. HP: 28/28 MP: 4/4
  1718 | D:3      | Reached XP level 5. HP: 34/34 MP: 5/5
  1765 | D:3      | Found an oddly glowing altar of Pakellas.
  1985 | D:3      | Found a white marble altar of Elyvilon.
  1989 | D:3      | Reached skill level 5 in Fighting
  2072 | D:3      | Found a burning altar of Makhleb.
  2072 | D:3      | Noticed a blizzard demon
  2107 | D:3      | Found an iron altar of Okawaru.
  2122 | D:3      | Became a worshipper of Warmaster Okawaru
  2364 | D:4      | Reached XP level 6. HP: 34/40 MP: 6/6
  2473 | D:4      | Reached skill level 5 in Maces & Flails
  2663 | D:4      | Found Irelasm's Book Emporium.
  3083 | D:4      | Noticed Robin
  3089 | D:4      | Reached skill level 6 in Maces & Flails
  3117 | D:4      | Reached * piety under Okawaru
  3131 | D:4      | Killed Robin
  3131 | D:4      | Reached XP level 7. HP: 17/44 MP: 7/7
  3469 | D:4      | Reached skill level 7 in Maces & Flails
  4074 | D:5      | Entered Level 5 of the Dungeon
  4143 | D:5      | Found a deep blue altar of Sif Muna.
  4184 | D:5      | Noticed Grinder
  4187 | D:5      | Paralysed by Grinder for 6 turns
  4255 | D:5      | Found a staircase to the Ecumenical Temple.
  4299 | D:5      | Found a deep blue altar of Sif Muna.
  4513 | D:5      | Noticed Blork the orc
  4529 | D:5      | Killed Blork the orc
  4529 | D:5      | Reached XP level 8. HP: 34/53 MP: 5/8
  4700 | D:5      | Found a sacrificial altar of Ru.
  4710 | D:5      | Noticed tyrsky's ghost (amateur TrMo)
  4869 | D:5      | Paralysed by Grinder for 7 turns
  4881 | D:5      | Paralysed by Grinder for 6 turns
  5111 | D:6      | Reached ** piety under Okawaru
  5498 | D:6      | Found Torhuni's Assorted Antiques.
  5552 | D:6      | Noticed Duvessa
  5553 | D:6      | Noticed Dowan
  5574 | D:6      | Killed Duvessa
  5621 | D:6      | Killed Dowan
  5864 | D:6      | Found a glowing golden altar of the Shining One.
  6061 | D:6      | Reached skill level 5 in Dodging
  6215 | D:7      | Reached XP level 9. HP: 58/59 MP: 9/9
  6230 | D:7      | Learned a level 2 spell: Swiftness
  6350 | D:7      | Found a basalt altar of Yredelemnul.
  6418 | D:7      | Found a glowing silver altar of Zin.
  6447 | D:7      | Found a bloodstained altar of Trog.
  6668 | D:7      | Found an opulent altar of Gozag.
  7128 | D:7      | Found a sparkling altar of Nemelex Xobeh.
  7170 | D:7      | Found Imocleeg's Magic Scroll Boutique.
  7636 | D:7      | Reached skill level 8 in Maces & Flails
  8283 | D:8      | Reached *** piety under Okawaru
  8283 | D:8      | Reached skill level 9 in Maces & Flails
  8418 | D:8      | Found a shattered altar of Ashenzari.
  8494 | D:8      | Reached skill level 10 in Maces & Flails
  8689 | D:8      | Reached XP level 10. HP: 51/64 MP: 10/10
  8889 | D:9      | Noticed a green ugly thing
  8892 | D:8      | Upgraded the game from 0.18.1-1-g2f07953 to 0.18.1-2-ga659475
  8975 | D:9      | Reached **** piety under Okawaru
  8996 | D:9      | Reached skill level 11 in Maces & Flails
  9209 | D:9      | Killed a green ugly thing
  9496 | D:9      | Found a staircase to the Lair.
  9624 | D:10     | Entered Level 10 of the Dungeon
  9624 | D:10     | Found a staircase to the Orcish Mines.
 10249 | Lair:1   | Entered Level 1 of the Lair of Beasts
 10249 | Lair:1   | Noticed a four-headed hydra
 10260 | D:9      | Reached skill level 12 in Maces & Flails
 10284 | D:9      | Killed a four-headed hydra
 10284 | D:9      | Reached ***** piety under Okawaru
 10685 | Lair:1   | Noticed a black mamba
 10696 | Lair:1   | Killed a black mamba
 10822 | Lair:1   | Reached skill level 13 in Maces & Flails
 10998 | Lair:1   | Reached XP level 11. HP: 63/68 MP: 11/11
 11015 | Lair:1   | Received a gift from Okawaru
 12001 | Lair:2   | Reached skill level 14 in Maces & Flails
 12055 | Lair:2   | Learned a level 2 spell: Repel Missiles
 12253 | Lair:2   | Reached skill level 1 in Charms
 12253 | Lair:2   | Reached skill level 1 in Air Magic
 13105 | D:5      | Found a deep blue altar of Sif Muna.
 13351 | D:5      | Killed tyrsky's ghost
 13393 | D:5      | Killed Grinder
 13522 | D:9      | Received a gift from Okawaru
 13805 | Lair:3   | Found a sparkling altar of Nemelex Xobeh.
 13968 | Lair:3   | Reached skill level 5 in Charms
 14050 | Lair:3   | Reached skill level 1 in Spellcasting
 14241 | Lair:3   | Reached skill level 1 in Evocations
 14314 | Lair:3   | Found a staircase to the Swamp.
 14474 | Lair:3   | Reached XP level 12. HP: 71/73 MP: 15/15
 14630 | Lair:4   | Reached skill level 1 in Invocations
 14641 | Lair:4   | Reached ****** piety under Okawaru
 14765 | Lair:4   | Received a gift from Okawaru
 15296 | Lair:4   | Reached skill level 5 in Invocations
 15310 | Lair:4   | Reached skill level 5 in Evocations
 15548 | Lair:4   | Noticed a four-headed hydra
 15558 | Lair:4   | Killed a four-headed hydra
 15753 | Lair:4   | Gained mutation: Your mind is acute. (Int +2) [potion of beneficial mutation]
 15758 | Lair:4   | Gained mutation: You have a pair of small horns on your head. [potion of beneficial mutation]
 15795 | Lair:5   | Reached skill level 1 in Armour
 15799 | Lair:5   | Noticed a seven-headed hydra
 15810 | Lair:5   | Killed a seven-headed hydra
 16169 | Lair:5   | Reached skill level 1 in Stealth
 16172 | Lair:5   | Noticed a seven-headed hydra
 16182 | Lair:5   | Killed a seven-headed hydra
 16182 | Lair:5   | Received a gift from Okawaru
 16183 | Lair:5   | Got an encrusted demon whip {god gift}
 16184 | Lair:5   | Identified the +7 demon whip of Spring {flame, +Blink Str+2} (Okawaru gifted it to you on level 5 of the Lair of Beasts)
 16439 | Lair:5   | Reached skill level 1 in Shields
 16988 | Lair:6   | Found a viscous altar of Jiyva.
 16988 | Lair:6   | Found a staircase to the Slime Pits.
 17001 | Lair:6   | Reached XP level 13. HP: 78/78 MP: 17/17
 17045 | Lair:6   | Found a hole to the Spider Nest.
 17135 | Lair:6   | Reached skill level 5 in Stealth
 17471 | Lair:6   | Noticed Kirke
 17495 | Lair:6   | Received a gift from Okawaru
 17524 | Lair:6   | Reached skill level 10 in Fighting
 18072 | Lair:7   | Found a blossoming altar of Fedhas.
 18719 | Lair:8   | Entered Level 8 of the Lair of Beasts
 18806 | Lair:8   | Found a dark tunnel.
 18818 | Volcano  | Entered a volcano
 19112 | Lair:8   | Got a crude plate armour
 19114 | Lair:8   | Identified the +4 plate armour of the Queen {rPois Int+4} (You found it on level 8 of the Lair of Beasts)
 19365 | Lair:8   | Gained mutation: Your large and strong wings let you fly indefinitely. [Gargoyle growth]
 19365 | Lair:8   | Reached XP level 14. HP: 62/88 MP: 21/21
 19488 | Lair:8   | Reached skill level 10 in Evocations
 19517 | Lair:8   | Received a gift from Okawaru
 19729 | Lair:8   | Received a gift from Okawaru
 19740 | Lair:8   | Got a crude great mace {god gift}
 19747 | Lair:8   | Identified the +8 great mace of the Jolly Deaths {drain, rF+++ rC- Str+5 Stlth+} (Okawaru gifted it to you on level 8 of the Lair of Beasts)
 20353 | Orc:1    | Entered Level 1 of the Orcish Mines
 20479 | Orc:1    | Found a frozen archway.
 20532 | IceCv    | Entered an ice cave
 21032 | IceCv    | Got a shimmering battleaxe
 21034 | IceCv    | Identified the cursed +2 battleaxe of Victory {chop, *Contam rPois rF- Int+9} (You found it in an ice cave)
 21069 | IceCv    | Gained mutation: Your magical capacity is low (-10% MP). [mutagenic glow]
 21371 | Orc:2    | Entered Level 2 of the Orcish Mines
 21402 | Orc:1    | Received a gift from Okawaru
 21429 | Orc:2    | Gained mutation: Armour fits poorly on your strangely shaped body. [a neqoxec]
 21540 | Orc:2    | Found a staircase to the Elven Halls.
 21822 | Orc:2    | Gained mutation: Your magical capacity is very low (-20% MP). [a neqoxec]
 21963 | Orc:2    | Found a roughly hewn altar of Beogh.
 22045 | Orc:2    | Found Giuwag's Antique Armour Shoppe.
 22045 | Orc:2    | Found Ympoef's Magic Scroll Shop.
 22129 | Orc:2    | Found Ynlia's Magic Scroll Shoppe.
 22129 | Orc:2    | Found Nezir's Gadget Shop.
 22266 | Orc:2    | Found Eczica's Gadget Emporium.
 22317 | Orc:2    | Noticed a stone giant
 22333 | Orc:2    | Killed a stone giant
 22533 | Orc:2    | Noticed Maurice
 22545 | Orc:2    | Killed Maurice
 22619 | Orc:2    | Paralysed by an orc sorcerer for 4 turns
 24002 | D:11     | Reached skill level 15 in Maces & Flails
 24175 | D:11     | Reached XP level 15. HP: 92/92 MP: 18/18
 24525 | D:12     | Received a gift from Okawaru
 24528 | D:12     | Got a spiked hat {god gift}
 24626 | D:12     | Identified the +1 hat of Xuigion {MR+ Dex+2} (Okawaru gifted it to you on level 12 of the Dungeon)
 24839 | D:12     | Learned a level 1 spell: Apportation
 25544 | D:13     | Found a gate to the Vaults.
 26080 | D:13     | Reached skill level 16 in Maces & Flails
 26134 | D:13     | Found a shimmering altar of Xom.
 26900 | D:13     | Received a gift from Okawaru
 26906 | D:13     | Got an ichor-stained ring mail {god gift}
 26917 | D:13     | Identified the +0 ring mail of Trumpets {*Confuse MR++ rCorr Stlth+} (Okawaru gifted it to you on level 13 of the Dungeon)
 27542 | D:14     | Reached XP level 16. HP: 99/100 MP: 19/19
 27769 | D:14     | Hired Wargrak the orc knight for 536 gold.
 28021 | D:14     | Reached skill level 1 in Translocations
 28121 | D:15     | Entered Level 15 of the Dungeon
 28311 | D:15     | Found Qaiwuol's Book Shop.
 28349 | D:15     | Found Igunerr's General Store.
 28379 | D:15     | Bought a quicksilver dragon armour for 900 gold pieces
 28587 | D:15     | Found Ysuweng's Jewellery Shop.
 28621 | D:15     | Received a gift from Okawaru
 28699 | D:15     | Noticed a sphinx
 28699 | D:15     | an apis changed into a sphinx
 28700 | D:15     | Noticed a quicksilver dragon
 28700 | D:15     | a sphinx changed into a quicksilver dragon
 28701 | D:15     | Killed a quicksilver dragon
 28713 | D:15     | Found a staircase to the Depths.
 28996 | D:15     | Reached skill level 17 in Maces & Flails
 29000 | D:15     | Found Uxel's Assorted Antiques.
 30074 | Lair:8   | Gained mutation: You are weak. (Str -2) [potion of mutation]
 30074 | Lair:8   | Gained mutation: Your body sometimes deteriorates upon taking damage. [potion of mutation]
 30074 | Lair:8   | Gained mutation: You passively map a small area around you. [potion of mutation]
 30211 | Lair:7   | Received a gift from Okawaru
 30305 | Lair:2   | Lost mutation: You have a pair of small horns on your head. [potion of cure mutation]
 30305 | Lair:2   | Lost mutation: Your mind is acute. (Int +2) [potion of cure mutation]
 30305 | Lair:2   | Lost mutation: Your body sometimes deteriorates upon taking damage. [potion of cure mutation]
 30305 | Lair:2   | Lost mutation: You passively map a small area around you. [potion of cure mutation]
 30306 | Lair:2   | Lost mutation: Your magical capacity is very low (-20% MP). [potion of cure mutation]
 30306 | Lair:2   | Lost mutation: You are weak. (Str -2) [potion of cure mutation]
 30306 | Lair:2   | Lost mutation: Your magical capacity is low (-10% MP). [potion of cure mutation]
 30306 | Lair:2   | Lost mutation: Armour fits poorly on your strangely shaped body. [potion of cure mutation]
 30498 | Swamp:1  | Entered Level 1 of the Swamp
 30641 | Swamp:1  | Noticed Frances
 30779 | Swamp:1  | Killed Frances
 30961 | Swamp:1  | Noticed Donald
 30975 | Swamp:1  | Killed Donald
 31203 | Swamp:1  | Reached skill level 18 in Maces & Flails
 31568 | Swamp:1  | Reached XP level 17. HP: 83/106 MP: 25/25
 31851 | Swamp:2  | Got a pair of shimmering gloves
 31866 | Swamp:2  | Identified the +2 pair of gloves of Indomitability {Stlth+} (You found it on level 2 of the Swamp)
 32224 | Swamp:3  | Reached skill level 10 in Dodging
 33226 | Spider:1 | Entered Level 1 of the Spider Nest
 33226 | Spider:1 | Noticed Josephine
 33281 | Lair:6   | Killed Josephine
 33340 | Spider:1 | Received a gift from Okawaru
 33595 | Spider:1 | Received a gift from Okawaru
 34155 | Spider:2 | Upgraded the game from 0.18.1-2-ga659475 to 0.18.1-5-g4a78601
 34248 | Spider:2 | Got a brightly glowing cloak
 34256 | Spider:2 | Identified the +0 cloak of the Forgotten Runes {rF+ rC+ rN+} (You found it on level 2 of the Spider Nest)
 34835 | Spider:3 | Reached skill level 19 in Maces & Flails
 34949 | Spider:3 | Reached XP level 18. HP: 78/114 MP: 26/26
 35596 | Lair:6   | Killed Kirke
 35918 | Orc:2    | Received a gift from Okawaru
 36453 | Elf:1    | Entered Level 1 of the Elven Halls
 36996 | Elf:1    | Reached skill level 20 in Maces & Flails
 37189 | Elf:1    | Found Jioch's Book Emporium.
 37204 | Elf:1    | Got a translucent longbow
 37205 | Elf:1    | Identified the +6 longbow "Wuoh" {velocity, +Inv rPois Str-3 Int+6} (You found it on level 1 of the Elven Halls)
 37730 | Elf:2    | Reached skill level 5 in Translocations
 37967 | Elf:2    | Found a runed gate.
 37967 | Elf:2    | Found a runed gate.
 37967 | Elf:2    | Found a runed gate.
 38160 | Elf:2    | HP: 5/116 [halberd of venom (16)]
 39092 | Elf:2    | Cast into level 2 of the Abyss (battleaxe of distortion)
 39126 | Elf:2    | Escaped the Abyss
 39135 | Elf:2    | Reached skill level 1 in Crossbows
 39557 | Swamp:4  | Entered Level 4 of the Swamp
 40057 | Swamp:3  | Reached skill level 5 in Crossbows
 40086 | Swamp:3  | Received a gift from Okawaru
 40208 | Swamp:4  | Reached XP level 19. HP: 63/122 MP: 27/27
 40609 | Swamp:4  | Got a decaying rune of Zot
 40656 | Swamp:4  | Learned a level 2 spell: Blink
 40661 | Swamp:4  | Learned a level 4 spell: Passage of Golubria
 41570 | Depths:1 | Entered Level 1 of the Depths
 41684 | Depths:1 | Received a gift from Okawaru
 41973 | Depths:1 | Identified a +0 pair of boots of running (Okawaru gifted it to you on level 1 of the Depths)
 42777 | Depths:1 | Found a gateway to Hell.
 43053 | Depths:1 | Reached skill level 10 in Crossbows
 43092 | Depths:1 | Found a portal to a secret trove of treasure.
 43520 | Depths:1 | Found a basalt altar of Yredelemnul.
 43520 | Depths:1 | Noticed a profane servitor
 43520 | Depths:1 | Noticed a bone dragon
 44073 | Spider:4 | Entered Level 4 of the Spider Nest
 44296 | Spider:4 | Received a gift from Okawaru
 44566 | Spider:4 | Got an ancient cloak
 44567 | Spider:4 | Identified the +2 cloak "Asoop" {rC+} (You found it on level 4 of the Spider Nest)
 44934 | Spider:4 | Received a gift from Okawaru
 45010 | Spider:4 | Reached skill level 15 in Fighting
 45143 | Spider:4 | Reached XP level 20. HP: 129/129 MP: 28/28
 45794 | Spider:4 | Got a gossamer rune of Zot
 46193 | Vaults:1 | Entered Level 1 of the Vaults
 46216 | Vaults:1 | Received a gift from Okawaru
 46693 | Vaults:1 | Noticed Louise
 46726 | D:13     | Killed Louise
 47290 | Vaults:1 | Noticed Rupert
 47309 | Vaults:1 | Killed Rupert
 47824 | D:15     | Bought the ring of Shaolin {EV+8} for 2304 gold pieces
 48651 | Vaults:1 | Received a gift from Okawaru
 49160 | Vaults:2 | Found a staircase to the Crypt.
 49160 | Vaults:2 | Found an ancient bone altar of Kikubaaqudgha.
 49161 | Vaults:2 | Found a basalt altar of Yredelemnul.
 49302 | Vaults:2 | Reached skill level 5 in Armour
 49391 | Vaults:2 | Reached XP level 21. HP: 139/139 MP: 29/29
 49523 | Vaults:2 | Gained mutation: You passively map a small area around you. [potion of beneficial mutation]
 49524 | Vaults:2 | Gained mutation: You can translocate small distances at will. [potion of beneficial mutation]
 50107 | Vaults:2 | Received a gift from Okawaru
 50116 | Vaults:2 | Reached skill level 10 in Charms
 50881 | Vaults:3 | Noticed Norris
 51007 | Vaults:3 | Noticed Frederick
 51022 | Vaults:3 | Killed Frederick
 51065 | Vaults:3 | Noticed Aizul
 51196 | Vaults:2 | Killed Aizul
 51196 | Vaults:2 | Reached skill level 5 in Spellcasting
 51228 | Vaults:2 | Killed Norris
 51478 | Vaults:3 | Noticed Mennas
 51518 | Vaults:3 | Killed Mennas
 51518 | Vaults:3 | Received a gift from Okawaru
 51583 | Vaults:3 | Got a heavily runed cloak {god gift}
 51594 | Vaults:3 | Identified the +2 cloak "Botug" {rN+ rCorr} (Okawaru gifted it to you on level 3 of the Vaults)
 52469 | Vaults:3 | Noticed Nikola
 52509 | Vaults:3 | Killed Nikola
 52599 | Vaults:3 | Reached XP level 22. HP: 113/145 MP: 30/30
 52736 | Vaults:3 | Found Xaas's Armour Shop.
 52795 | Vaults:3 | Got a slimy silver ring
 52800 | Vaults:3 | Identified the ring "Icsoo" {MP+9 Slay+6} (You found it on level 3 of the Vaults)
 54276 | Vaults:4 | Received a gift from Okawaru
 54635 | Vaults:4 | Received a gift from Okawaru
 54853 | Vaults:4 | Got a pearl-encrusted ring mail
 54854 | Vaults:4 | Identified the +2 ring mail of Mirth {rC+ MR+ MP-9 Dex+3} (You found it on level 4 of the Vaults)
 54890 | Vaults:4 | Found Wikh's General Store.
 55703 | Crypt:1  | Entered Level 1 of the Crypt
 56837 | Depths:2 | Received a gift from Okawaru
 56981 | Depths:2 | Reached XP level 23. HP: 147/152 MP: 31/31
 57174 | Depths:2 | Received a gift from Okawaru
 57374 | Depths:2 | Received a gift from Okawaru
 57547 | Depths:2 | Reached skill level 10 in Stealth
 57819 | Depths:3 | Received a gift from Okawaru
 58084 | Depths:3 | Noticed Boris
 58091 | Depths:3 | Killed Boris
 58093 | Depths:3 | Found a one-way gate leading to the halls of Pandemonium.
 58338 | Depths:3 | Noticed Xtahua
 58347 | Depths:3 | Killed Xtahua
 58395 | Depths:3 | Noticed Saint Roka
 58421 | Depths:3 | Killed Saint Roka
 58560 | Depths:3 | Found a gateway to a ziggurat.
 58690 | Depths:3 | Noticed a juggernaut
 58705 | Depths:3 | Killed a juggernaut
 58705 | Depths:3 | Received a gift from Okawaru
 58705 | Depths:3 | Reached skill level 10 in Armour
 58884 | Depths:3 | Received a gift from Okawaru
 59050 | Depths:3 | Noticed a juggernaut
 59063 | Depths:3 | Noticed a caustic shrike
 59065 | Depths:3 | Killed a juggernaut
 59222 | Depths:3 | Killed a caustic shrike
 59222 | Depths:3 | Reached skill level 15 in Crossbows
 59279 | Depths:3 | Noticed a caustic shrike
 59297 | Depths:3 | Killed a caustic shrike
 59299 | Depths:3 | Noticed a caustic shrike
 59310 | Depths:3 | Killed a caustic shrike
 59393 | Depths:3 | Noticed a caustic shrike
 59408 | Depths:3 | Killed a caustic shrike
 59417 | Depths:3 | Reached XP level 24. HP: 131/159 MP: 31/31
 59441 | Depths:3 | Noticed a caustic shrike
 59463 | Depths:3 | Found a snail-covered altar of Cheibriados.
 59476 | Depths:3 | Killed a caustic shrike
 60149 | Elf:1    | Bought a book of Alchemy for 1125 gold pieces
 60520 | Depths:1 | You paid a toll of a book of Alchemy to enter a treasure trove
 60521 | Trove    | Entered a treasure trove
 60537 | Trove    | Got a transparent arbalest
 60550 | Trove    | Got a polished arbalest
 60573 | Trove    | Identified the +11 arbalest of the Original Sin {freeze, +Blink rC- Str+2 Dex+5} (You found it in a treasure trove)
 60575 | Trove    | Identified the +7 arbalest "Waotuf" {velocity, rPois Str+5} (You found it in a treasure trove)
 60901 | Lair:2   | Learned a level 3 spell: Portal Projectile
 61309 | Depths:4 | Found a runed warning-scrawled door.
 61330 | Depths:4 | Noticed a juggernaut
 61335 | Depths:4 | Noticed a caustic shrike
 61341 | Depths:4 | Found a runed door.
 61370 | Depths:3 | Killed a caustic shrike
 61430 | Depths:4 | Killed a juggernaut
 61641 | Depths:4 | Received a gift from Okawaru
 61748 | Depths:3 | Received a gift from Okawaru
 61895 | Depths:4 | Received a gift from Okawaru
 61896 | Depths:4 | Noticed Jorgrun
 61913 | Depths:4 | Got a glittering ruby amulet
 61939 | Depths:4 | Killed from afar by Jorgrun

Skill      XL: |  1  2  3  4  5  6  7  8  9 10 11 12 13 14 15 16 17 18 19 20 21 22 23 24 |
---------------+-------------------------------------------------------------------------+-----
Maces & Flails | 4 6 7 10 13 14 15 16 18 19 20 | 20.0
Fighting       | 3 4 5 7 8 10 11 12 13 14 15 17 18 19 | 19.0
Dodging        | 5 6 8 9 10 11 12 13 | 13.0
Charms         | 5 7 8 11 | 11.0
Air Magic      | 3 4 |  4.0
Spellcasting   | 2 3 5 |  5.1
Evocations     | 2 5 9 11 | 11.3
Invocations    | 6 9 |  9.0
Armour         | 4 5 7 10 | 10.3
Stealth        | 4 5 7 10 | 10.0
Shields        | 4 |  4.0
Translocations | 2 5 6 8 |  8.5
Crossbows      | 6 10 14 15 16 | 16.6
Throwing       | |  1.7

Action                   |  1- 3 |  4- 6 |  7- 9 | 10-12 | 13-15 | 16-18 | 19-21 | 22-24 || total
-------------------------+-------+-------+-------+-------+-------+-------+-------+-------++-------
Melee: Flail             |    17 |   152 |   511 |   350 |       |       |       |       ||  1030
       Whip              |    75 |    45 |       |       |       |       |       |       ||   120
       Dire flail        |       |       |       |   572 |       |       |       |       ||   572
       Demon whip        |       |       |       |    57 |   467 |       |       |       ||   524
       Headbutt          |       |       |       |    22 |   366 |    88 |       |       ||   476
       Great mace        |       |       |       |       |  1015 |  1488 |  1744 |   996 ||  5243
       Maul              |       |       |       |       |       |       |     4 |     6 ||    10
 Fire: Hand crossbow     |       |       |       |       |       |    14 |    87 |       ||   101
       Arbalest          |       |       |       |       |       |       |     1 |   228 ||   229
Throw: Throwing net      |       |     2 |     4 |     1 |       |     1 |       |       ||     8
       Tomahawk          |       |     2 |       |    21 |    16 |       |       |       ||    39
       Javelin           |       |       |       |     1 |       |       |       |       ||     1
 Cast: Repel Missiles    |       |       |       |     1 |     4 |     5 |    10 |    10 ||    30
       Apportation       |       |       |       |       |       |       |     1 |       ||     1
       Swiftness         |       |       |       |       |       |       |       |     2 ||     2
Invok: Heroism           |       |       |     3 |     3 |     1 |     1 |       |       ||     8
       Finesse           |       |       |       |       |       |       |     3 |     5 ||     8
 Abil: Evoke Invisibilit |       |       |       |       |     1 |       |     2 |       ||     3
       Fly               |       |       |       |       |     1 |       |       |     2 ||     3
       Stop Flying       |       |       |       |       |       |       |     1 |     2 ||     3
Evoke: Wand              |       |       |       |     2 |     3 |    18 |    10 |     5 ||    38
       Deck              |       |       |       |       |       |     1 |       |       ||     1
       Fan of gales      |       |       |       |       |       |     2 |       |       ||     2
       Phial of floods   |       |       |       |       |       |       |       |     1 ||     1
  Use: Scroll            |       |       |    20 |    11 |    10 |    17 |     5 |     9 ||    72
       Potion            |       |       |     3 |     2 |       |     6 |     4 |     2 ||    17
 Stab: Held in net/web   |       |     1 |     1 |       |       |       |       |       ||     2
       Sleeping          |       |       |       |       |    21 |    19 |     8 |     6 ||    54
       Distracted        |       |       |       |       |     2 |     4 |     3 |     2 ||    11
       Invisible         |       |       |       |       |     1 |       |     6 |       ||     7
       Confused          |       |       |       |       |       |     1 |       |       ||     1
  Eat: Chunk             |     1 |     4 |    19 |    25 |    42 |    30 |    37 |    23 ||   181
       Pizza             |       |     1 |       |     2 |     1 |     3 |       |     2 ||     9
       Bread ration      |       |       |       |       |     1 |     1 |       |     1 ||     3
       Meat ration       |       |       |       |       |       |     1 |       |       ||     1
       Royal jelly       |       |       |       |       |       |     1 |       |       ||     1
       Beef jerky        |       |       |       |       |       |       |     1 |       ||     1
Armor: Leather armour    |    34 |     1 |       |       |       |       |       |       ||    35
       Ring mail         |       |   123 |   276 |   301 |   655 |    32 |       |       ||  1387
       Quicksilver drago |       |       |       |       |       |  1205 |   700 |   300 ||  2205
Dodge: Dodged            |    58 |   162 |   350 |   461 |   972 |  1676 |  1567 |   921 ||  6167
       Deflected         |       |       |       |       |     7 |    30 |    35 |    36 ||   108
Block: Buckler           |       |       |       |     5 |    85 |       |       |       ||    90
